 Dungeon Crawl Stone Soup version 0.29-a0-334-gb41bcbb86e (webtiles) character file.

Game seed: 8943181938715986603

19316 spaghetti the Carver (level 13, 0/97 HPs)
             Began as a Djinni Brigand on Apr 14, 2022.
             Was an Initiate of Gozag.
             Slain by a yak (12 damage)
             ... on level 4 of the Lair of Beasts.
             The game lasted 00:26:27 (16956 turns).

spaghetti the Carver (Djinni Brigand)              Turns: 16956, Time: 00:26:28

Health: 0/97       AC:  7    Str: 13      XL:     13   Next: 3%
Gold:   359        EV: 28    Int: 17 (19) God:    Gozag SH:  0 Dex: 27

rFire   + + .      SeeInvis .   x - +3 triple sword "Risoys" {vorpal, rPois Dex+10, longrare=g}
rCold   x . .      Faith    .   (shield currently unavailable)
rNeg    . . .      Spirit   .   b - +0 robe
rPois   ∞          Reflect  .   a - +0 helmet {Int+3}
rElec   .          Harm     .   c - +0 cloak
rCorr   .          Rampage  .   D - +2 pair of gloves {Str+3}
Will    +....                   (boots unavailable)
Stlth   +++.......              A - amulet of the acrobat
HPRegen 0.26/turn               h - +4 ring of evasion
MPRegen 0.00/turn               (no ring)

@: gold aura, flying
A: sickness immunity, fire resistance 2, cold vulnerability 1, float, innate
caster, HP casting, extra vitality 1, deterioration 1
a: Renounce Religion, Potion Petition, Call Merchant, Bribe Branch


You were on level 4 of the Lair of Beasts.
You worshipped Gozag.
Gozag was aware of your devotion.
You visited 2 branches of the dungeon, and saw 14 of its levels.
You also visited: Sewer.

You collected 3007 gold pieces.
You spent 1086 gold pieces at shops.
You paid 1562 gold pieces to Gozag.


Innate Abilities, Weirdness & Mutations

You are immune to sickness and miasma.
You are immune to poison.
Your flesh is very heat resistant. (rF++)
You are vulnerable to cold. (rC-)
You float through the air rather than walking.
You learn spells naturally, not from books.
Your magical power is your life essence.
You have superior vitality. (+4 MHP)
Your body sometimes deteriorates upon taking damage.


   Skills:
 * Level 10.5 Fighting
 - Level 1.7(9.4) Short Blades
 + Level 14.3 Long Blades
 - Level 1.5 Throwing
 * Level 11.7 Dodging
 - Level 3.2 Stealth
 - Level 1.4 Unarmed Combat
 - Level 5.2 Spellcasting


You had 2 spell levels left.
You knew the following spells:

 Your Spells              Type           Power      Damage    Failure   Level
a - Sting                 Tmut/Pois      88%        1d7       1%          1
b - Blink                 Tloc           44%        N/A       2%          2
c - Tukima's Dance        Hex            22%        N/A       4%          3
d - Animate Dead          Necr           11%        N/A       16%         4
e - Yara's Violent Unrav  Hex/Tmut       11%        3d6       41%         5
f - Borgnjor's Vile Clut  Necr/Erth      11%        N/A       41%         5
Your spell library was empty.

Inventory:

Hand Weapons
 r - a +3 scimitar of flaming {long}
   (You took it off Erica on level 1 of the Lair of Beasts)
 w - a +2 great sword of electrocution {long}
   (You bought it in a shop on level 6 of the Dungeon)
 x - the +3 triple sword "Risoys" (weapon) {vorpal, rPois Dex+10, longrare=g}
   (You acquired it on level 8 of the Dungeon)

   It inflicts extra damage upon your enemies.
   Dex:       It affects your dexterity (+10).
   rPois:     It protects you from poison.
Missiles
 j - 3 curare-tipped darts {=fthrowing}
 p - 15 poisoned darts {throwing}
 q - 242 stones (quivered) {throwing}
 t - 2 javelins {throwing}
 Q - 5 boomerangs {throwing}
 S - 3 throwing nets {=f!fthrowing}
 W - 2 silver boomerangs {throwing}
Armour
 a - a +0 helmet of intelligence (worn)
   (You bought it in a shop on level 3 of the Lair of Beasts)
 b - a +0 robe (worn)
 c - a +0 cloak (worn)
 D - a +2 pair of gloves of strength (worn)
   (You bought it in a shop on level 3 of the Lair of Beasts)
Magical Staves
 s - a staff of poison {!astaff}
   (You found it on level 3 of the Lair of Beasts)
Jewellery
 h - a +4 ring of evasion (left hand)
   (You found it on level 1 of the Dungeon)
 n - an amulet of reflection
   (You found it on level 9 of the Dungeon)
 A - an amulet of the acrobat (around neck)
   (You bought it in a shop on level 2 of the Dungeon)
 V - an amulet of magic regeneration {@e2}
   (You found it on level 8 of the Dungeon)
Wands
 g - a wand of paralysis (7)
   (You found it on level 2 of the Dungeon)
 L - a wand of acid (11)
   (You found it on level 5 of the Dungeon)
 P - a wand of iceblast (11)
   (You found it on level 6 of the Dungeon)
 R - a wand of mindburst (30)
   (You found it on level 6 of the Dungeon)
 X - a wand of flame (11)
   (You found it on level 9 of the Dungeon)
Scrolls
 e - 5 scrolls of immolation {!r!r}
 f - 2 scrolls of holy word
 k - 2 scrolls of brand weapon
 l - a scroll of vulnerability {!r!r}
 y - 3 scrolls of amnesia
 B - 4 scrolls of magic mapping {!r}
 C - a scroll of silence {unknown}
 E - 5 scrolls of teleportation {unknown}
 F - a scroll of enchant weapon {unknown}
 J - a scroll of fog {unknown}
 K - 2 scrolls of enchant armour {unknown}
 O - a scroll of fear {unknown}
Potions
 d - a potion of ambrosia {unknown}
 i - 2 potions of curing {@q1}
 m - a potion of lignification {unknown}
 o - a potion of might {unknown}
 u - 3 potions of brilliance
 v - a potion of magic {unknown}
 z - a potion of haste {unknown}
 G - 4 potions of heal wounds {unknown}
 H - 2 potions of mutation {unknown}
 I - 6 potions of flight
 N - a potion of attraction {unknown}
 T - 2 potions of invisibility {unknown}
 U - a potion of resistance
 Y - a potion of cancellation {unknown}

Dungeon Overview and Level Annotations

Branches:
Dungeon (10/15)            Temple (0/1) D:5            Lair (4/6) D:9
  Snake (0/4) Lair:2        Sewer (visited)
  Swamp: Lair:2-4    Shoals: Lair:2-4       Orc: D:9-12

Altars:
Dithmenos
Fedhas
Gozag
Kikubaaqudgha
Qazlal
Sif Muna
Trog
Uskayaw
Xom
Yredelemnul

Shops:
D:2 (=   D:6 (   D:9 *   Lair:3 [

Annotations:
D:3 Robin
D:9 1 runed translucent door
D:10 exclusion: 2 electric eels

.####.P###.....
.......P.......
.#...........#.
...............
...........$...
..........?....
......$Y.......
.......@$......
...............
......#........
........#......
....P .#.......
..#.PP# ..#P...
. .# # # #####
..


You could see a yak.


Message History

You are too injured to fight recklessly!
You are too injured to fight recklessly!
You are too injured to fight recklessly!
You are too injured to fight recklessly!
You are too injured to fight recklessly!
Unknown command.
You hit the yak.
A yak comes into view. 😕 HP[+1]
You closely miss the yak.
A yak comes into view.
The yak bellows!
You slice the yak!! The yak gores you! The yak closely misses you. 😕 HP[-11]
You take 11 damage, and now have 76/92 hp.
You barely miss the yak. The yak closely misses you.
The yak gores you. 😕 HP[-4]
You take 4 damage, and now have 72/92 hp.
Unknown command.
The yak bellows!
You slice the yak!!
You kill the yak!
The yak gores you!
You have reached level 13!
The power to cast Borgnjor's Vile Clutch wells up from within.
Spell assigned to 'f'. 😮 HP[-9]
You now have 97 max hp (+5).
You take 9 damage, and now have 63/97 hp.
You slash the yak! The yak misses you. The yak gores you! 😮 HP[-10]
You take 10 damage, and now have 53/97 hp.
You closely miss the yak. The yak gores you but does no damage.
The yak misses you.
The yak gores the plant!
The plant begins to die. 😮 HP[+1]
You hit the yak.
The yak is distracted by your dazzling golden aura.
The yak bellows!
You slice the yak!!
You kill the yak!
The yak gores you. The yak gores you!
* * * LOW HITPOINT WARNING * * *
Your body deteriorates!
You feel dopey. 😨 HP[-20]
You take 20 damage, and now have 34/97 hp.
MASSIVE DAMAGE!! (PAUSE)
Okay, then.
Okay, then.
Okay, then.
Okay, then.
The yak gores the plant.
The yak completely misses you. The yak attacks as you move away!
The yak completely misses you.
A nearby plant withers and dies.
The yak misses you. 😨 HP[+1]
The yak attacks as you move away! The yak completely misses you.
The yak attacks as you move away! The yak closely misses you.
There is a stone staircase leading down here.
The yak completely misses you.
You fly downwards.
There is a stone staircase leading up here.
Unknown command. 😨 HP[+1] Unknown command.
Unknown command.
Unknown command.
You slice the yak!! The yak completely misses you. The yak closely misses you.
The yak misses you.
You barely miss the yak. The yak misses you. The yak closely misses you.
The yak gores you!
* * * LOW HITPOINT WARNING * * *
Your body deteriorates!
You feel dopey. The yak completely misses you. The yak gores you!
* * * LOW HITPOINT WARNING * * *
The yak misses you. 😱 HP[-21]
You take 21 damage, and now have 15/97 hp.
MASSIVE DAMAGE!! (PAUSE) Unknown command.
Okay, then.
Okay, then.
Okay, then.
Okay, then.
Okay, then.
You hit the yak but do no damage. The yak completely misses you. x2
The yak closely misses you. 😱 HP[+1]
You hit the yak. The yak gores you.
* * * LOW HITPOINT WARNING * * *
The yak misses you.
The yak gores you but does no damage. 😱 HP[-5]
You take 5 damage, and now have 11/97 hp.
You slice the yak!!
You kill the yak!
The yak misses you. x2
You slice the yak!!
You kill the yak!
The yak completely misses you.
You slash the yak! The yak gores you!
You die...
Your body crumbles into a pile of gold.

Skill      XL: |  1  2  3  4  5  6  7  8  9 10 11 12 |
---------------+-------------------------------------+-----
Dodging        | 2 3 5 7 9 11 | 11.7
Unarmed Combat | 1 |  1.4
Long Blades    | 3 5 6 9 12 13 14 | 14.3
Fighting       | 4 6 8 10 | 10.5
Spellcasting   | 1 3 4 5 |  5.2
Short Blades   | |  1.7
Throwing       | |  1.5
Stealth        | |  3.2

Action                   |  1- 3 |  4- 6 |  7- 9 | 10-12 | 13-15 || total
-------------------------+-------+-------+-------+-------+-------++-------
Melee: Dagger            |    19 |       |       |       |       ||    19
       Punch             |     1 |     5 |     5 |       |       ||    11
       Unarmed           |    64 |    17 |       |       |       ||    81
       Falchion          |       |   234 |   139 |       |       ||   373
       Scimitar          |       |       |   127 |    12 |       ||   139
       Great sword       |       |       |   107 |    25 |       ||   132
       Triple sword      |       |       |       |   340 |    11 ||   351
Throw: Dart              |    39 |       |     1 |     1 |       ||    41
       Stone             |    42 |   246 |   170 |   277 |       ||   735
 Cast: Sting             |    17 |     4 |       |       |       ||    21
Invok: Call Merchant     |       |       |     1 |     1 |       ||     2
  Use: Potion            |       |     1 |     1 |       |       ||     2
       Scroll            |       |       |     7 |     7 |       ||    14
 Stab: Distracted        |       |     1 |     2 |     8 |       ||    11
       Sleeping          |       |       |       |     1 |       ||     1
Armor: Robe              |    19 |    59 |    79 |    53 |     2 ||   212
Dodge: Dodged            |    67 |   241 |   295 |   454 |    22 ||  1079

Levels and vault maps discovered:
D:1:      minmay_arrival_pointy, layout_basic, ebering_ecumenical_altar_hall,
          minmay_misc_feat_pillars, chequers_mini_garden, minmay_pentomino_p4
D:2:      layout_loops_ring, serial_shops, nicolae_shop_behind_doors,
          nicolae_shop_window_shopping, hangedman_feature_mirror,
          minmay_liquid_box
D:3:      layout_rooms, gammafunk_ghost_mausoleum, grunt_ministairs_1,
          uniq_terence, uniq_robin
D:4:      layout_loops_ring, portal_sewer_entry_a
D:5:      layout_rooms, lemuel_tele_altar, minmay_temple_entry_nine_rooms,
          serial_shops, shop, st_stairs_13
D:6:      layout_rooms, mainiacjoe_overflow_brackets, serial_glass,
          glass_columns_a, glass_columns_b, glass_columns_b, glass_columns_a,
          glass_columns_b, glass_columns_b, glass_columns_b, glass_columns_b,
          glass_columns_a, glass_columns_a
D:7:      layout_loops_ring, grunt_dithmenos_smoke, grunt_qazlal_sundering
D:8:      nicolae_whirlpool, layout_basic, fedhas_altar_decomposition,
          minmay_overflow_temple_star_quad, kennysheep_big_empty_room,
          kennysheep_pointless_box
D:9:      layout_loops_ring, dk_yredelemnul_ordeal, erik_lair_dragon,
          nicolae_shop_gadgets, uniq_pikel, uniq_harold
D:10:     layout_basic, cheibriados_altar_1, kennysheep_potato
Lair:1:   wander_river, layout_layer_cave, uniq_erica, uniq_amaemon
Lair:2:   layout_cave_pods, minmay_snake_entry_six_corridors, uniq_gastronok
Lair:3:   layout_loops_ring, minmay_swamp_entry_worms, serial_bayou_lagoon_b
Lair:4:   layout_hall_layers

Notes
Turn   | Place    | Note
-------+----------+-------------------------------------------
     0 | D:1      | spaghetti the Djinni Brigand began the quest for the Orb.
     0 | D:1      | Reached XP level 1. HP: 18/18 MP: 0/0
     0 | D:1      | magus.rc [v1.9.6]
   179 | D:1      | Reached XP level 2. HP: 23/23 MP: 0/0
   187 | D:1      | Reached skill level 2 in Dodging
   394 | D:1      | Reached skill level 1 in Unarmed Combat
   588 | D:1      | Reached XP level 3. HP: 28/28 MP: 0/0
   588 | D:1      | Learned a level 1 spell: Sting
  1012 | D:1      | Found a faded altar of an unknown god.
  1025 | D:1      | Prayed at the altar of an unknown god.
  1025 | D:1      | Became a worshipper of Gozag Ym Sagoz the Greedy
  1828 | D:2      | Reached skill level 3 in Dodging
  1842 | D:1      | Reached XP level 4. HP: 23/33 MP: 0/0
  2140 | D:2      | Found Counur's Antique Weapon Boutique.
  2249 | D:2      | Reached skill level 1 in Long Blades
  2391 | D:2      | Reached skill level 2 in Long Blades
  2453 | D:2      | Found Bettic's Jewellery Boutique.
  2741 | D:2      | Reached skill level 3 in Long Blades
  2741 | D:2      | Reached XP level 5. HP: 34/38 MP: 0/0
  2741 | D:2      | Learned a level 2 spell: Blink
  2883 | D:2      | Bought an amulet of the acrobat for 330 gold pieces
  3199 | D:3      | Reached skill level 4 in Long Blades
  3333 | D:3      | Reached skill level 5 in Long Blades
  3333 | D:3      | Reached XP level 6. HP: 41/43 MP: 0/0
  3391 | D:3      | Noticed an ice beast
  3398 | D:3      | Noticed Robin
  3553 | D:4      | Found a glowing drain.
  3822 | Sewer    | Entered a sewer
  4053 | Sewer    | Reached skill level 6 in Long Blades
  4659 | Sewer    | Reached XP level 7. HP: 49/49 MP: 0/0
  4659 | Sewer    | Learned a level 3 spell: Tukima's Dance
  4834 | D:4      | Reached skill level 7 in Long Blades
  5409 | D:4      | Reached skill level 8 in Long Blades
  5560 | D:5      | Entered Level 5 of the Dungeon
  5668 | D:5      | Noticed a shadow
  5688 | D:5      | Killed a shadow
  5689 | D:5      | Reached skill level 9 in Long Blades
  5689 | D:5      | Reached XP level 8. HP: 25/54 MP: 0/0
  5890 | D:5      | Reached skill level 10 in Long Blades
  6256 | D:5      | Found a bloodstained altar of Trog.
  6270 | D:5      | Reached skill level 11 in Long Blades
  6452 | D:5      | Found a staircase to the Ecumenical Temple.
  6535 | D:5      | Found the +10 Black Knight's barding {ponderous, rPois rN+}
  6868 | D:6      | HP: 12/54 [wight/+0 short sword (4)]
  6873 | D:6      | Reached skill level 12 in Long Blades
  7216 | D:6      | Reached XP level 9. HP: 21/58 MP: 0/0
  7216 | D:6      | Learned a level 4 spell: Animate Dead
  7867 | D:6      | Bought a runed great sword for 228 gold pieces
  8061 | D:6      | Reached skill level 4 in Dodging
  8134 | D:7      | Reached skill level 3 in Fighting
  8134 | D:7      | Reached skill level 1 in Spellcasting
  8158 | D:6      | HP: 12/60 [gnoll/+0 club (8)]
  8642 | D:7      | Found a shadowy altar of Dithmenos.
  9005 | D:7      | Reached skill level 13 in Long Blades
  9041 | D:7      | Reached skill level 5 in Dodging
  9149 | D:7      | Reached skill level 4 in Fighting
  9384 | D:7      | Found a stormy altar of Qazlal.
  9701 | D:8      | Reached XP level 10. HP: 69/69 MP: 0/0
  9735 | D:8      | Reached skill level 2 in Spellcasting
  9915 | D:8      | Identified a scroll of acquirement
  9932 | D:8      | Acquired the +3 triple sword "Risoys" {vorpal, rPois
                  | Dex+10}
  9933 | D:8      | x - the +3 triple sword "Risoys" {vorpal, rPois Dex+10,
                  | longrare=g}
  9934 | D:8      | x - the +3 triple sword "Risoys" (weapon) {vorpal, rPois
                  | Dex+10, longrare=g}
 10096 | D:8      | Reached skill level 5 in Fighting
 10096 | D:8      | Reached skill level 6 in Dodging
 10414 | D:9      | Found a runed translucent door.
 10416 | D:9      | Noticed a white ugly thing
 10631 | D:8      | Found a shimmering altar of Xom.
 10641 | D:8      | Found a hide-covered altar of Uskayaw.
 10694 | D:8      | Found a blossoming altar of Fedhas.
 11097 | D:8      | Reached skill level 7 in Dodging
 11100 | D:8      | Reached skill level 6 in Fighting
 11401 | D:8      | Reached skill level 3 in Spellcasting
 11445 | D:9      | Killed a white ugly thing
 11458 | D:9      | Noticed Harold
 11472 | D:9      | HP: 18/73 [Harold/+0 mace (11)]
 11480 | D:9      | Killed Harold
 11481 | D:9      | Reached XP level 11. HP: 21/78 MP: 0/0
 11481 | D:9      | Learned a level 5 spell: Yara's Violent Unravelling
 11658 | D:9      | Found a basalt altar of Yredelemnul.
 11671 | D:9      | Reached skill level 7 in Fighting
 11671 | D:9      | Reached skill level 8 in Dodging
 11674 | D:9      | Noticed Pikel
 11678 | D:9      | Killed Pikel
 11975 | D:9      | Gained mutation: Your body sometimes deteriorates upon
                  | taking damage. [a neqoxec]
 12030 | D:9      | Found Boocui Roiv's Gadget Gallery.
 12621 | D:9      | Reached skill level 9 in Dodging
 12841 | D:9      | Found a staircase to the Lair.
 12947 | D:10     | Entered Level 10 of the Dungeon
 12985 | D:10     | HP: 18/81 [electric eel/bolt of electricity (6)]
 13344 | Lair:1   | Entered Level 1 of the Lair of Beasts
 13407 | Lair:1   | Reached skill level 8 in Fighting
 13412 | Lair:1   | Reached skill level 4 in Spellcasting
 13504 | Lair:1   | Noticed Amaemon
 13596 | Lair:1   | Killed Amaemon
 14126 | Lair:1   | Noticed Erica
 14137 | Lair:1   | Killed Erica
 14310 | Lair:1   | Noticed a five-headed hydra
 14321 | Lair:1   | Killed a one-headed hydra
 14322 | Lair:1   | Reached XP level 12. HP: 42/88 MP: 0/0
 14322 | Lair:1   | x - the +3 triple sword "Risoys" (weapon) {vorpal, rPois
                  | Dex+10, longrare=g}
 14336 | Lair:1   | Reached skill level 10 in Dodging
 14817 | Lair:1   | Noticed a five-headed hydra
 14829 | Lair:1   | Killed a one-headed hydra
 14830 | Lair:1   | Reached skill level 9 in Fighting
 14830 | Lair:1   | x - the +3 triple sword "Risoys" (weapon) {vorpal, rPois
                  | Dex+10, longrare=g}
 14992 | Lair:2   | Found a staircase to the Snake Pit.
 15075 | Lair:2   | Reached skill level 14 in Long Blades
 15137 | Lair:2   | Noticed Gastronok
 15146 | Lair:2   | Killed Gastronok
 15503 | Lair:2   | Reached skill level 11 in Dodging
 15556 | Lair:2   | Reached skill level 5 in Spellcasting
 15995 | Lair:2   | Reached skill level 10 in Fighting
 16327 | Lair:3   | Bought a +2 pair of gloves of strength for 344 gold pieces
 16341 | Lair:3   | Bought a +0 helmet of intelligence for 184 gold pieces
 16612 | Lair:3   | Noticed a boulder beetle
 16623 | Lair:3   | Killed a boulder beetle
 16940 | Lair:3   | Reached XP level 13. HP: 63/97 MP: 0/0
 16940 | Lair:3   | Learned a level 5 spell: Borgnjor's Vile Clutch
 16951 | Lair:4   | HP: 24/97 [yak (12)]
 16953 | Lair:4   | HP: 11/97 [yak (5)]
 16956 | Lair:4   | Slain by a yak

Vanquished Creatures
  Gastronok (Lair:2)
  Erica (Lair:1)
  A boulder beetle (Lair:3)
  2 hydras (Lair:1)
  Amaemon (Lair:1)
  Pikel (D:9)
  An ugly thing (D:9)
  A black mamba (Lair:2)
  An orange demon (Lair:1)
  7 cane toads
  A kobold demonologist (D:9)
  4 komodo dragons
  A polar bear (Lair:3)
  2 trolls (D:9)
  A hornet (D:8)
  2 shadows
  3 wyverns
  A basilisk (D:9)
  11 yaks
  A steam dragon (D:9)
  3 acid dragons
  7 water moccasins
  A hornet zombie (D:8)
  3 black bears
  An ice beast (D:8)
  2 orc warriors
  13 wolves
  4 centaurs
  2 phantoms
  A kobold brigand (D:8)
  5 bullfrogs
  3 gnoll sergeants
  6 necrophages
  A scorpion (D:7)
  15 wights
  3 killer bees (D:6)
  An electric eel (D:10)
  3 howler monkeys (D:8)
  2 jellies
  A centaur zombie (D:8)
  3 hounds
  A gnoll shaman (D:9)
  9 orc priests
  3 iguanas
  11 orc wizards
  A killer bee zombie (D:8)
  A howler monkey zombie (D:8)
  18 gnolls
  6 river rats
  11 adders
  A shadow imp (D:6)
  A white imp (D:6)
  An ufetubus (D:6)
  5 worms
  2 dart slugs (D:1)
  30 orcs
  15 ball pythons
  8 endoplasms
  7 giant cockroaches
  9 goblins
  11 hobgoblins
  16 jackals
  20 kobolds
  5 quokkas
  11 bats
  7 frilled lizards
  A kobold skeleton (D:9)
  5 rats
  A bush (D:8)
341 creatures vanquished.

Vanquished Creatures (collateral kills)
  Harold (D:9)
  A gnoll (D:6)
  A jackal skeleton (D:9)
3 creatures vanquished.

Vanquished Creatures (others)
  11 fungi
  16 plants
27 creatures vanquished.

Grand Total: 371 creatures vanquished

Table legend:
 A = Non-vault XP
 B = Vault XP
 C = Vault XP percentage of total XP
 D = Non-vault monster count
 E = Vault monster count
 F = Vault count percentage of total count
                 A         B        C        D         E       F
            +---------+---------+-------+---------+---------+-------
      Total |   19533 |    8062 |  29.2 |     264 |      79 |  23.0
            +---------+---------+-------+---------+---------+-------
        D:1 |      61 |      19 |  23.8 |      31 |       4 |  11.4
        D:2 |      90 |       9 |   9.1 |      18 |       5 |  21.7
        D:3 |     137 |       9 |   6.2 |      14 |       5 |  26.3
        D:4 |     223 |      33 |  12.9 |      18 |       6 |  25.0
        D:5 |     822 |      35 |   4.1 |      20 |       1 |   4.8
        D:6 |    1222 |       0 |   0.0 |      28 |       0 |   0.0
        D:7 |     884 |       0 |   0.0 |      20 |       0 |   0.0
        D:8 |    2045 |     792 |  27.9 |      42 |      10 |  19.2
        D:9 |    2475 |    2446 |  49.7 |      26 |       8 |  23.5
       D:10 |      57 |       0 |   0.0 |       1 |       0 |   0.0
     Lair:1 |    4099 |    2036 |  33.2 |      13 |       3 |  18.8
     Lair:2 |    3409 |    2528 |  42.6 |      16 |       6 |  27.3
     Lair:3 |    3598 |       0 |   0.0 |      15 |       0 |   0.0
     Lair:4 |     411 |       0 |   0.0 |       2 |       0 |   0.0
      Sewer |       0 |     155 | 100.0 |       0 |      31 | 100.0
            +---------+---------+-------+---------+---------+-------

Illustrated notes

Table legend:
 A = Kills in this place as a percentage of kills in entire the game.
 B = Kills by you in this place as a percentage of kills by you in the entire game.
 C = Kills by friends in this place as a percentage of kills by friends in the entire game.
 D = Other kills in this place as a percentage of other kills in the entire game.
 E = Experience gained in this place as a percentage of experience gained in the entire game.
 F = Experience gained in this place divided by the number of levels of this place that you have seen.
                   A       B       C       D       E      F
               +-------+-------+-------+-------+-------+----------------------
         Total | 100.0 | 100.0 | 100.0 |   N/A | 100.0 | 1839.7
       Dungeon |  74.9 |  74.7 | 100.0 |   N/A |  41.2 | 1135.9
          Lair |  16.0 |  16.2 |   0.0 |   N/A |  58.3 | 4020.2
         Sewer |   9.0 |   9.1 |   0.0 |   N/A |   0.6 | 155.0
               +-------+-------+-------+-------+-------+----------------------

Table legend: (Time is in decaauts)
 A = Elapsed time spent in this place.
 B = Non-inter-level travel time spent in this place.
 C = Inter-level travel time spent in this place.
 D = Time resting spent in this place.
 E = Time spent auto-exploring this place.
 F = Levels seen in this place.
 G = Mean time per level.
                   A        B        C        D        E       F      G
               +--------+--------+--------+--------+--------+-----+--------+
         Total |  16997 |  16646 |    351 |   4021 |   9770 |  15 | 1133.1 |
       Dungeon |  12445 |  12162 |    283 |   3308 |   6761 |  10 | 1244.5 |
          Lair |   3624 |   3556 |     68 |    615 |   2484 |   4 |  906.0 |
         Sewer |    927 |    927 |      0 |     98 |    525 |   1 |  927.0 |
               +--------+--------+--------+--------+--------+-----+--------+

Top non-repeatable levels by time:
     D:1: 2040 daAuts
     D:6: 1954 daAuts
     D:9: 1817 daAuts
  Lair:1: 1629 daAuts
     D:8: 1539 daAuts
  Lair:2: 1340 daAuts
     D:4: 1223 daAuts
     D:7: 1155 daAuts
     D:2: 990 daAuts
     D:5: 986 daAuts
   Sewer: 927 daAuts
  Lair:3: 647 daAuts
     D:3: 399 daAuts
    D:10: 338 daAuts
  Lair:4: 7 daAuts
